 Dungeon Crawl Stone Soup version 0.32-a0-913-g739538afd8 (console) character file.

Game seed: 14504782833732998323

55 petzl the Sneak (level 4, -5/35 HPs)
             Began as a Formicid Delver on Apr 8, 2024.
             Slain by Terence
             ... wielding a +0 hand axe
              (6 damage)
             ... on level 2 of the Dungeon.
             The game lasted 00:04:24 (1635 turns).

petzl the Sneak (Formicid Delver)                   Turns: 1635, Time: 00:04:25

Health: -5/35      AC:  4    Str: 17    XL:     4   Next: 14%
Magic:  8/8        EV: 11    Int: 11    God:
Gold:   77         SH:  0    Dex: 15    Spells: 7/8 levels left

rFire   + . .        a - +0 mace
rCold   . . .        (no shield)
rNeg    . . .        i - +0 leather armour
rPois   .            (helmet unavailable)
rElec   .            (no cloak)
rCorr   .            (no gloves)
SInv    +            o - +0 pair of boots
Will    .....        (no amulet)
Stlth   +++          q - ring of protection from fire
HPRegen 0.25/turn    (no ring)
MPRegen 0.11/turn

%: no passive effects
@: no status effects
A: permanent stasis, dig shafts and tunnels, antennae 3, four strong arms
a: Dig, Shaft Self


You were on level 2 of the Dungeon.
You visited 1 branch of the dungeon, and saw 6 of its levels.

You collected 77 gold pieces.

Inventory:

Hand Weapons
 a - a +0 mace (weapon)
 b - a +0 sling
Armour
 i - a +0 leather armour (worn)
 o - a +0 pair of boots (worn)
Jewellery
 q - a ring of protection from fire (left hand)
Wands
 f - a wand of digging (3)
Scrolls
 c - a scroll of fog
 e - a scroll of fear
 h - 2 scrolls of identify {unknown}
 l - 2 scrolls of revelation
 r - 2 scrolls of enchant weapon {unknown}
Potions
 d - a potion of ambrosia {unknown}
 g - a potion of curing {unknown}
 j - a potion of degeneration {unknown}
 k - a potion of magic {unknown}
 m - a potion of mutation {unknown}
 n - a potion of attraction {unknown}
 p - a potion of resistance {unknown}


   Skills:
 - Level 3.2 Fighting
 - Level 2.0 Maces & Flails
 + Level 1.3 Ranged Weapons
 - Level 1.7 Dodging
 - Level 6.0 Stealth
 + Level 2.7 Spellcasting
 + Level 0.5 Conjurations


You had 7 spell levels left.
You knew the following spells:

 Your Spells              Type           Power      Damage    Failure   Level
a - Magic Dart            Conj           8%         1d3       26%         1

Your spell library contained the following spells:

 Spells                   Type           Power      Damage    Failure   Level
 Searing Ray              Conj           4%         2d4       38%         2
 Call Canine Familiar     Summ           1%         N/A       69%         3
 Sigil of Binding         Hex            1%         N/A       69%         3
 Fulminant Prism          Conj/Alch      1%         3d5       96%         4
 Dimensional Bullseye     Hex/Tloc       0%         N/A       97%         4


Dungeon Overview and Level Annotations

Branches:
Dungeon (6/15)
 Temple: D:4-7

Altars:

Annotations:
D:2 Terence


Innate Abilities, Weirdness & Mutations

You cannot be hasted, slowed, berserked, paralysed or teleported.
You can dig through walls and to a lower floor.
You have a pair of large antennae on your head. (SInv)
Your four strong arms can wield two-handed weapons with a shield.


Message History

Terence is lightly wounded.
You shoot a sling bullet.
The sling bullet closely misses Terence.
You shoot a sling bullet.
The sling bullet hits Terence but does no damage.
Terence is lightly wounded.
You shoot a sling bullet.
The sling bullet closely misses Terence.
You shoot a sling bullet. The sling bullet barely misses Terence.
Terence hits you with a +0 hand axe. Terence closely misses you.
a - a +0 mace (weapon)
You hit Terence but do no damage.
Terence is lightly wounded.
Terence closely misses you.
You hit Terence but do no damage.
Terence is lightly wounded.
Terence misses you. Terence hits you with a +0 hand axe.
You hit Terence.
Terence is lightly wounded.
Terence hits you with a +0 hand axe!
You hit Terence but do no damage.
Terence is lightly wounded.
Terence barely misses you.
You closely miss Terence.
Terence is lightly wounded.
Terence hits you with a +0 hand axe. Terence hits you with a +0 hand axe!
Unknown command.
You hit Terence.
Terence is moderately wounded.
Terence hits you with a +0 hand axe.
* * * LOW HITPOINT WARNING * * *
Unknown command.
Unknown command.
Are you sure you want to shaft yourself?
Terence hits you with a +0 hand axe!
* * * LOW HITPOINT WARNING * * *
You begin to dig a shaft.
You continue digging a shaft.
Terence hits you with a +0 hand axe.
You die...
Terence says, "Rest in peace."

######## .......# ######.#
######.####### .............. {
######.##################
#...........@@......
##################################
#.................................
##.################################
.#รท# #........................
.#.# #.###########..##########
...##### #........## ##.# .......#
#.......#.###.## #..###.#
#.......##.#.## #### #..# #.#
#.....####...####..# #..# #.#
#..................#
#..###.####.....####%..####..######
#.................##.#.##..>.......
.................##.###.#....######
........##.......#.#####.....# #
........#....##.##.##........# #
........#....##..#.##........# #
........#....###.#.##........# #


You could see Terence.

Vanquished Creatures
  2 adders
  A dart slug (D:2)
  3 endoplasms
  3 giant cockroaches (D:1)
  3 goblins
  6 hobgoblins
  3 kobolds
  2 quokkas
  3 ball pythons
  A bat (D:1)
  2 frilled lizards
  3 rats (D:1)
32 creatures vanquished.

Notes
Turn   | Place    | Note
-------+----------+-------------------------------------------
     0 | D:5      | petzl the Formicid Delver began the quest for the Orb.
     0 | D:5      | Reached XP level 1. HP: 18/18 MP: 1/1
     1 | D:6      | Noticed an iguana
    15 | D:5      | Noticed a centaur
    74 | D:6      | Noticed an orc wizard
   107 | D:4      | Reached skill level 1 in Spellcasting
   107 | D:4      | Reached XP level 2. HP: 19/24 MP: 1/4
   479 | D:1      | Reached XP level 3. HP: 29/29 MP: 6/6
  1103 | D:2      | Reached skill level 1 in Ranged Weapons
  1204 | D:2      | Learned a level 1 spell: Magic Dart
  1278 | D:2      | Found a faded altar of an unknown god.
  1321 | D:2      | Reached XP level 4. HP: 28/35 MP: 6/8
  1620 | D:2      | Noticed Terence
  1634 | D:2      | HP: 1/35 [Terence/+0 hand axe (7)]
  1635 | D:2      | Slain by Terence

Illustrated notes

Levels and vault maps discovered:
D:1:      erik_arrival_cave_to_civilisation [erik_arrival_cave_to_hall],
          layout_loops_ring
D:2:      layout_basic, nicolae_ecumenical_oubliette, hex_intersection,
          uniq_terence
D:3:      layout_loops_cross, guppyfry_early_lair_pool
D:4:      layout_rooms, minmay_temple_entry_large_hall, feat_on_display
D:5:      layout_loops_corners, lightli_temple_of_fire, minmay_ogre_servants
D:6:      layout_basic, nicolae_shop_firing_range

Skill      XL: |  1  2  3 |
---------------+----------+-----
Spellcasting   | 1 2 |  2.7
Ranged Weapons | 1 |  1.3
Fighting       | |  3.2
Maces & Flails | |  2.0
Dodging        | |  1.7
Stealth        | |  6.0
Conjurations   | |  0.5

Action                     |  1- 3 |  4- 6 || total
---------------------------+-------+-------++-------
  Melee: Mace              |    35 |     6 ||    41
   Fire: Sling             |    62 |    14 ||    76
Ability: Shaft Self        |       |     1 ||     1
    Use: Scroll            |     1 |       ||     1
   Stab: Sleeping          |     1 |       ||     1
 Armour: Leather armour    |    27 |     9 ||    36
  Dodge: Dodged            |    47 |     4 ||    51

Table legend: (Time is in decaauts)
 A = Elapsed time spent in this place.
 B = Non-inter-level travel time spent in this place.
 C = Inter-level travel time spent in this place.
 D = Time resting spent in this place.
 E = Time spent auto-exploring this place.
 F = Levels seen in this place.
 G = Mean time per level.
                   A        B        C        D        E       F      G
               +--------+--------+--------+--------+--------+-----+--------+
         Total |   1673 |   1633 |     40 |     43 |   1118 |   6 |  278.8 |
       Dungeon |   1673 |   1633 |     40 |     43 |   1118 |   6 |  278.8 |
               +--------+--------+--------+--------+--------+-----+--------+

Top non-repeatable levels by time:
     D:1: 886 daAuts
     D:2: 571 daAuts
     D:5: 100 daAuts
     D:4: 86 daAuts
     D:3: 24 daAuts
     D:6: 4 daAuts
